Map: Abyssal Reef LE

Players

BIGFLLA

  • Race: Protoss Protoss
  • League: Silver
  • Spawn Location: 11:00

BronzeDTodaY - Winner!

  • Race: Zerg Zerg
  • League: Gold
  • Spawn Location: 5:00

VOD

Have the link to the VOD?

Description

Time

  • Played on: March 21, 2017, 4:24 a.m.
  • Length: 4:12
Show
View Real Time Build Order
Export as new Build Order

BIGFLLA Protoss 

Build Orders: Cannon Rush 

Get SALT Encoding   

  12  0:01  Probe (Chrono Boost)  
  13  0:14  Pylon  
  13  0:17  Probe (Chrono Boost)  
  14  0:28  Probe (Chrono Boost)  
  15  0:36  Forge  
  15  0:45  Probe (Chrono Boost)  
  16  0:58  Pylon  
  16  1:07  Pylon  
  16  1:10  Pylon  
  16  1:13  Probe (Chrono Boost)  
  16  1:18  Photon Cannon  
  17  1:31  Photon Cannon  
  17  1:38  Pylon  
  17  1:42  Probe (Chrono Boost)  
  18  1:49  Photon Cannon  
  18  2:03  Photon Cannon  
  18  2:21  Photon Cannon  
  18  2:28  Probe (Chrono Boost)  
  19  2:34  Pylon  
  19  2:37  Assimilator  
  19  2:41  Assimilator  
  19  2:42  Probe (Chrono Boost)  
  20  2:52  Gateway  
  20  2:53  Probe (Chrono Boost)  
  21  3:03  Probe (Chrono Boost), Gateway  
  22  3:14  Probe (Chrono Boost)  
  23  3:24  Probe (Chrono Boost)  
  23  3:26  Gateway  
  23  3:29  Gateway  
  23  3:40  Probe (Chrono Boost)  
  24  3:50  Probe (Chrono Boost)  
  24  3:54  Cybernetics Core  
  25  4:01  Probe (Chrono Boost)  
Show
View Real Time Build Order
Export as new Build Order

BronzeDTodaY Zerg - Winner!

Build Orders: 3 Hatch before Pool 

Get SALT Encoding   

  12  0:01  Drone  
  13  0:09  Drone  
  14  0:35  Hatchery  
  13  0:39  Drone  
  14  0:46  Overlord  
  14  1:05  Drone x2  
  14  1:06  Drone  
  17  1:22  Drone  
  18  1:26  Extractor  
  18  1:30  Hatchery  
  16  1:34  Drone  
  17  1:48  Spawning Pool  
  16  1:55  Drone x2  
  16  2:00  Overlord  
  18  2:10  Drone  
  18  2:11  Drone  
  20  2:25  Overlord  
  20  2:43  Spine Crawler, Queen, Drone  
  22  2:53  Roach Warren  
  22  2:54  Zergling x6  
  24  3:01  Spine Crawler  
  24  3:05  Drone  
  24  3:31  Drone x2  
  24  3:32  Drone  
  27  3:47  Drone  
  27  3:48  Extractor, Drone x2  
  28  3:50  Drone  
Tags
 
Add a new tag
Caveats
  • Supply blocks, unpowered buildings, or Contaminate may cause inaccurate times.
  • Supply counts are checked every 10 seconds.